 Dungeon Crawl Stone Soup version 0.29.1-12-g30fa7ad0bf (webtiles) character file.

Game seed: 3732824556424548963

56 DoIIoM the Sneak (level 3, -1/23 HPs)
             Began as an Octopode Fire Elementalist on Jan 15, 2023.
             Slain by an orc
             ... wielding a +0 mace
              (3 damage)
             ... on level 3 of the Dungeon.
             The game lasted 00:03:03 (2358 turns).

DoIIoM the Sneak (Octopode Fire Elementalist)       Turns: 2358, Time: 00:03:04

Health: -1/23      AC:  1    Str:  7    XL:     3   Next: 95%
Magic:  3/6        EV: 13    Int: 19    God:
Gold:   15         SH:  0    Dex: 12    Spells: 4/6 levels left

rFire   . . .      SeeInvis .   j - +1 whip (venom)
rCold   . . .      Faith    .   (no shield)
rNeg    . . .      Spirit   .   (helmet restricted)
rPois   .          Reflect  .   (no amulet)
rElec   .          Harm     .   (no ring)
rCorr   .          Rampage  .   (no ring)
Will    .....                   (no ring)
Stlth   +++.......              (no ring)
HPRegen 0.07/turn               (no ring)
MPRegen 0.10/turn               (no ring)
                                (no ring)
                                (no ring)

@: no status effects
A: almost no armour, amphibious, 8 rings, camouflage 1, gelatinous body 1,
(nimble swimmer 1), tentacles
a: no special abilities


You were on level 3 of the Dungeon.
You visited 1 branch of the dungeon, and saw 3 of its levels.

You collected 15 gold pieces.

Inventory:

Hand Weapons
 i - a +0 dagger
 j - a +1 whip of venom (weapon)
Armour
 c - a +0 buckler
Jewellery
 l - an amulet of guardian spirit
Scrolls
 b - a scroll of poison {unknown}
 d - 2 scrolls of butterflies {unknown}
 f - a scroll of teleportation
 n - a scroll of identify
Potions
 a - a potion of magic
 e - 3 potions of might
 g - a potion of brilliance
 h - a potion of cancellation
 k - a potion of flight {unknown}
 m - a potion of haste


   Skills:
 + Level 1.1 Fighting
 - Level 2.0 Dodging
 + Level 3.5 Stealth
 + Level 2.4 Spellcasting
 + Level 1.7 Conjurations
 + Level 0.5 Summonings
 + Level 3.3 Fire Magic


You had 4 spell levels left.
You knew the following spells:

 Your Spells              Type           Power      Damage    Failure   Level
a - Foxfire               Conj/Fire      44%        2x1d6     6%          1
b - Summon Small Mammal   Summ           16%        N/A       13%         1

Your spell library contained the following spells:

 Spells                   Type           Power      Damage    Failure   Level
 Scorch                   Fire           30%        2d7       6%          2
 Conjure Flame            Conj/Fire      11%        6-21      17%         3
 Inner Flame              Hex/Fire       8%         N/A       24%         3
 Call Canine Familiar     Summ           4%         N/A       36%         3
 Summon Guardian Golem    Hex/Summ       3%         N/A       41%         3
 Flame Wave               Conj/Fire      11%        2d6       50%         4


Dungeon Overview and Level Annotations

Branches:
Dungeon (3/15)

Altars:


Innate Abilities, Weirdness & Mutations

You cannot wear most types of armour.
You are amphibious.
You can wear up to eight rings at the same time.
Your skin changes colour to match your surroundings (Stealth+).
Your rubbery body absorbs attacks. (AC +1, EV +1)
((You are camouflaged when in or above water. (Stealth+)))
You have tentacles for arms and can constrict up to eight enemies at once.


Message History

An orc comes into view. It is wielding a +0 mace.
An orc comes into view. It is wielding a +0 club.
There are monsters nearby!
The orc shouts!
The orc throws a boomerang.
The boomerang hits you.
The orc throws a boomerang.
The boomerang closely misses you.
A bat comes into view.
You closely miss the orc.
The orc shouts!
You grab the orc. You constrict the orc. The orc barely misses you.
You hit the orc.
The orc is heavily wounded.
You constrict the orc. The bat misses you. The orc hits you with a +0 mace!
The orc barely misses you.
You hit the orc.
The orc is poisoned.
The orc is severely wounded.
You constrict the orc.
You kill the orc!
The bat misses you. The orc hits you with a +0 mace. The bat misses you.
Cast which spell? (? or * to list)
You conjure some foxfire!
The bat barely misses you. The orc misses you.
Unknown command.
Casting: Foxfire (safe; 6% risk of failure)
Confirm with . or Enter, or press ? or * to list all spells.
You conjure some foxfire!
The foxfire hits the orc.
The orc is heavily wounded.
The foxfire hits the orc.
The orc is heavily wounded.
The bat hits you. The orc hits you with a +0 mace. The orc barely misses you.
Casting: Foxfire (safe; 6% risk of failure)
Confirm with . or Enter, or press ? or * to list all spells.
You conjure some foxfire!
The foxfire hits the orc.
The orc is almost dead.
The foxfire hits the orc.
You kill the orc!
The bat hits you. The bat barely misses you. The orc hits you with a +0 mace!
* * * LOW HITPOINT WARNING * * *
Unknown command.
The orc attacks as you move away! The orc hits you with a +0 mace.
You die...

........#
....... .......
..... #...##
#..b.# #o)..#
#v@..# #.v§.#
#...$###...
#........# ##
##....#####
.#..#####...###
...........####
#.##.........#
##.#.###...#


You could see an orc (ally target) and a bat.

Vanquished Creatures
  An adder (D:3)
  2 dart slugs (D:2)
  2 orcs (D:3)
  3 bats
  An endoplasm (D:1)
  3 giant cockroaches (D:1)
  6 goblins
  3 hobgoblins
  5 ball pythons
  4 frilled lizards
  7 kobolds
  3 rats
40 creatures vanquished.

Vanquished Creatures (others)
  4 foxfires (D:3)
4 creatures vanquished.

Grand Total: 44 creatures vanquished

Notes
Turn   | Place    | Note
-------+----------+-------------------------------------------
     0 | D:1      | DoIIoM the Octopode Fire Elementalist began the quest for
                  | the Orb.
     0 | D:1      | Reached XP level 1. HP: 11/11 MP: 3/3
   379 | D:1      | Reached XP level 2. HP: 14/18 MP: 5/5
   821 | D:1      | Learned a level 1 spell: Summon Small Mammal
  1419 | D:2      | Reached XP level 3. HP: 20/22 MP: 6/6
  1942 | D:2      | Found a faded altar of an unknown god.
  2019 | D:2      | Reached skill level 1 in Fighting
  2358 | D:3      | Slain by an orc

Illustrated notes

Levels and vault maps discovered:
D:1:      mainiacjoe_arrival_reflecting_pool, layout_basic, st_stairs_8
D:2:      layout_basic, basic_ecumenical_altar
D:3:      layout_rooms, minitemple, nicolae_shop_unique_rings,
          grunt_ministairs_13, minmay_liquid_box, kennysheep_generic_room_12

Skill      XL: |  1  2  3 |
---------------+----------+-----
Stealth        | 3 |  3.5
Fighting       | 1 |  1.1
Dodging        | |  2.0
Spellcasting   | |  2.4
Conjurations   | |  1.7
Summonings     | |  0.5
Fire Magic     | |  3.3

Action                   || total
-------------------------++-------
Melee: Unarmed           ||    30
       Tentacles         ||    22
       Constrict         ||    24
       Whip              ||    48
       Dagger            ||     3
 Cast: Foxfire           ||     3
  Use: Scroll            ||     5
 Stab: Sleeping          ||    10
Armor: Skin              ||    10
Dodge: Dodged            ||    62
